 Dungeon Crawl Stone Soup version 0.28-a0-529-g3bad584f25 (webtiles) character file.

Game seed: 10415705447566185260

4394 robertstho the Thaumaturge (level 10, -2/69 HPs)
             Began as a Djinni Fire Elementalist on Sept 24, 2021.
             Shot with a sling bullet by Joseph (16 damage)
             ... on level 8 of the Dungeon.
             The game lasted 00:17:24 (11735 turns).

robertstho the Thaumaturge (DjFE)                  Turns: 11735, Time: 00:17:25

Health: -2/69      AC:  3    Str:  7      XL:     10   Next: 61%
Gold:   278        EV: 29    Int: 20 (21) God:
                   SH:  0    Dex: 18 (19)

rFire   + + .      SeeInvis .   l - +2 glaive of Uraafib {holy, rN+ MP+9}
rCold   x . .      Faith    .   (shield currently unavailable)
rNeg    + . .      Spirit   .   a - +0 robe
rPois   ∞          Reflect  .   (no helmet)
rElec   .          Harm     .   k - +0 cloak
rCorr   .          Rampage  .   (no gloves)
Will    +....                   (boots unavailable)
Stlth   +++.......              u - amulet of the acrobat
HPRegen 0.21/turn               t - +6 ring of dexterity
MPRegen 0.00/turn               (no ring)

@: acrobatic, flying
A: sickness immunity, fire resistance 2, cold vulnerability 1, float, innate
caster, hp casting, extra vitality 1
a: no special abilities


You were on level 8 of the Dungeon.
You visited 2 branches of the dungeon, and saw 11 of its levels.

You collected 327 gold pieces.
You spent 49 gold pieces at shops.

Inventory:

Hand Weapons
 l - the +2 glaive of Uraafib (weapon) {holy, rN+ MP+9}
   (You acquired it on level 5 of the Dungeon)

   It has been blessed by the Shining One to cause great damage to the undead
   and demons.
   rN:        It protects you from negative energy.
   MP:        It affects your magic capacity (+9).
 n - a +3 falchion of electrocution
 q - a +2 short sword of protection
 r - a +0 dagger of holy wrath
Armour
 a - a +0 robe (worn)
 k - a +0 cloak (worn)
Jewellery
 t - a +6 ring of dexterity (left hand)
 u - an amulet of the acrobat (around neck)
Wands
 i - a wand of charming (9)
Scrolls
 e - 3 scrolls of blinking
 f - a scroll of teleportation
 g - 2 scrolls of enchant weapon
 h - a scroll of enchant armour {unknown}
 o - 2 scrolls of fear
 p - 2 scrolls of vulnerability
Potions
 b - 2 potions of attraction
 c - 3 potions of lignification
 d - 4 potions of flight
 j - 2 potions of degeneration
 w - 2 potions of haste


   Skills:
 * Level 4.9 Fighting
 + Level 2.7 Polearms
 + Level 3.8 Dodging
 + Level 3.5 Stealth
 * Level 10.0 Spellcasting
 + Level 1.3 Evocations


You had 7 spell levels left.
You knew the following spells:

 Your Spells              Type           Power      Damage    Failure   Level
a - Foxfire               Conj/Fire      100%       2x1d9     1%          1
b - Scorch                Fire           100%       2d10      1%          2
c - Conjure Flame         Conj/Fire      50%        6-21      1%          3
d - Inner Flame           Hex/Fire       50%        N/A       1%          3
e - Flame Wave            Conj/Fire      50%        3d10      1%          4
f - Sandblast             Erth           100%       2d20      1%          1
g - Wereblood             Tmut           50%        N/A       1%          2
h - Ensorcelled Hibernat  Hex/Ice        100%       N/A       1%          2
i - Summon Ice Beast      Ice/Summ       50%        N/A       1%          4
Your spell library was empty.

Dungeon Overview and Level Annotations

Branches:
Dungeon (10/15)            Temple (1/1) D:5
   Lair: D:8-11         Orc: D:9-12

Altars:
Ashenzari
Cheibriados
Dithmenos
Elyvilon
Fedhas
Hepliaklqana
Kikubaaqudgha
Makhleb
Nemelex Xobeh
Okawaru
Ru
Sif Muna
Trog
Uskayaw
Vehumet
Wu Jian
Xom
Yredelemnul
Zin
The Shining One

Shops:
D:4 ?

Annotations:
D:8 Joseph
D:9 Erolcha


Innate Abilities, Weirdness & Mutations

You are immune to sickness and miasma.
You are immune to poison.
Your flesh is very heat resistant. (rF++)
You are vulnerable to cold. (rC-)
You float through the air rather than walking.
You learn spells naturally, not from books.
Your magical power is your life essence.
You have superior vitality. (+4 HP)


Message History

Casting: Foxfire (safe; 1% risk of failure)
Press: ? - help, Q - select action, (/) - cycle Dir - look around, f - activate You conjure some foxfire!
The foxfire hits Joseph.
Joseph is moderately wounded.
Unknown command.
Casting: Foxfire (safe; 1% risk of failure)
Press: ? - help, Q - select action, (/) - cycle Dir - look around, f - activate You conjure some foxfire!
The foxfire hits Joseph.
Joseph is moderately wounded.
The foxfire hits Joseph but does no damage.
Joseph is moderately wounded.
The foxfire hits Joseph but does no damage.
Joseph is moderately wounded.
The goblin is engulfed in a cloud of scalding steam.
You kill the goblin!
Joseph is engulfed in a cloud of scalding steam.
Joseph shoots a sling bullet.
The sling bullet hits you!
* * * LOW HITPOINT WARNING * * *
Casting: Foxfire (safe; 1% risk of failure)
Press: ? - help, Q - select action, (/) - cycle Dir - look around, f - activate You conjure some foxfire!
* * * LOW HITPOINT WARNING * * *
The foxfire hits Joseph.
Joseph is moderately wounded.
Joseph is engulfed in a cloud of scalding steam.
The foxfire hits Joseph.
Joseph is heavily wounded.
Casting: Foxfire (safe; 1% risk of failure)
Confirm with . or Enter, or press ? or * to list all spells.
A chill wind blows around you.
* * * LOW HITPOINT WARNING * * *
The foxfire hits Joseph.
Joseph is heavily wounded.
The foxfire hits Joseph but does no damage.
Joseph is heavily wounded.
Joseph is engulfed in a cloud of scalding steam.
Joseph shoots a sling bullet.
The sling bullet hits you!
You die...

#≈## ##≈.# ##≈.#
#)≈.# ,.≈)# #.≈.#
##≈.# #.@o# ..≈.#
#.≈.# ##≈.# #.≈)#
.)≈.# #.).# #.≈.#
#.≈Y# #.≈## ###
##@.# #.≈#
####∩#### #≈.#
#.≈###)).....###≈.#
#.≈≈≈≈≈)≈≈≈≈≈≈≈≈≈.#
#......########...#
######## #####


You could see Joseph (ally target), an orc and a friendly ice beast (summoned).

Vanquished Creatures
  A freezing wraith (D:10)
  Prince Ribbit (D:9)
  A wraith (D:6)
  3 yaks (D:9)
  2 hornet zombies
  2 orc warriors (D:7)
  3 ice beasts
  A black bear (D:5)
  4 necrophages
  A centaur (D:7)
  A kobold brigand (D:9)
  6 scorpions
  A water moccasin zombie (D:5)
  A wyvern skeleton (D:5)
  11 wights
  6 howler monkeys
  A centaur zombie (D:8)
  4 hounds
  A bullfrog zombie (D:6)
  2 centaur skeletons
  5 orc priests
  An iguana (D:6)
  12 orc wizards
  2 killer bee zombies (D:7)
  A hound skeleton (D:4)
  4 gnolls
  5 adders
  2 white imps
  An ufetubus (D:6)
  An adder zombie (D:5)
  A dart slug (D:2)
  16 orcs
  7 endoplasms
  2 giant cockroaches (D:1)
  8 hobgoblins
  6 jackals
  6 quokkas
  4 ball pythons
  5 bats
  3 frilled lizards
  11 goblins
  3 goblin skeletons (D:5)
  3 goblin zombies (D:5)
  2 hobgoblin zombies (D:5)
  7 kobolds
  A kobold skeleton (D:5)
  A kobold zombie (D:5)
  An orc skeleton (D:5)
  6 rats
180 creatures vanquished.

Vanquished Creatures (collateral kills)
  3 foxfires (D:6)
3 creatures vanquished.

Vanquished Creatures (others)
  587 foxfires
  34 fungi (D:6)
621 creatures vanquished.

Grand Total: 804 creatures vanquished

Notes
Turn   | Place    | Note
-------+----------+-------------------------------------------
     0 | D:1      | robertstho the Djinni Fire Elementalist began the quest for
                  | the Orb.
     0 | D:1      | Reached XP level 1. HP: 15/15 MP: 0/0
   422 | D:1      | Reached XP level 2. HP: 19/21 MP: 0/0
   885 | D:1      | Found a faded altar of an unknown god.
  1156 | D:1      | Reached XP level 3. HP: 24/26 MP: 0/0
  1156 | D:1      | Learned a level 1 spell: Sandblast
  1216 | D:1      | Reached skill level 3 in Spellcasting
  2099 | D:2      | Reached skill level 1 in Fighting
  2164 | D:2      | Reached XP level 4. HP: 29/32 MP: 0/0
  2922 | D:3      | Found a blossoming altar of Fedhas.
  3720 | D:4      | Reached XP level 5. HP: 31/37 MP: 0/0
  3720 | D:4      | Learned a level 2 spell: Wereblood
  3830 | D:4      | Reached skill level 4 in Spellcasting
  3926 | D:4      | Found Vosiveni's Magic Scroll Emporium.
  3940 | D:4      | Bought a scroll of fear for 38 gold pieces
  3940 | D:4      | Bought a scroll of noise for 11 gold pieces
  4371 | D:4      | Reached XP level 6. HP: 38/42 MP: 0/0
  4596 | D:4      | Found a broken altar of Ashenzari.
  4839 | D:4      | Reached skill level 5 in Spellcasting
  4841 | D:4      | Reached XP level 7. HP: 29/48 MP: 0/0
  4841 | D:4      | Learned a level 2 spell: Ensorcelled Hibernation
  5003 | D:5      | Entered Level 5 of the Dungeon
  5191 | D:5      | Found a staircase to the Ecumenical Temple.
  5206 | D:5      | Found a glowing golden altar of the Shining One.
  5230 | D:5      | Reached skill level 6 in Spellcasting
  5239 | Temple   | Entered the Ecumenical Temple
  5886 | D:5      | Reached XP level 8. HP: 39/54 MP: 0/0
  6592 | D:5      | Reached skill level 7 in Spellcasting
  7046 | D:5      | Identified a scroll of acquirement
  7050 | D:5      | Acquired the +2 glaive of Uraafib {holy, rN+ MP+9}
  7179 | D:6      | Found a sacrificial altar of Ru.
  7186 | D:6      | Reached XP level 9. HP: 21/59 MP: 0/0
  7186 | D:6      | Learned a level 4 spell: Summon Ice Beast
  7568 | D:6      | Reached skill level 8 in Spellcasting
  7941 | D:6      | Found a hazy altar of Hepliaklqana.
  8134 | D:6      | Reached skill level 1 in Polearms
  8161 | D:6      | Found a sparkling altar of Nemelex Xobeh.
  8899 | D:7      | HP: 3/62 [orc warrior (20)]
  9260 | D:7      | Reached skill level 9 in Spellcasting
  9428 | D:7      | Reached XP level 10. HP: 57/67 MP: 0/0
  9498 | D:7      | Found an ornate altar of the Wu Jian Council.
  9856 | D:7      | HP: 3/67 [orc priest/divine providence (13)]
  9861 | D:7      | HP: 3/100 [centaur (1)]
  9873 | D:7      | HP: 3/100 [wight (4)]
  9891 | D:7      | HP: 3/102 [orc/boomerang (4)]
 10555 | D:8      | Found a bloodstained altar of Trog.
 10992 | D:8      | You are sucked into a shaft and drop 2 floors!
 10992 | D:10     | Entered Level 10 of the Dungeon
 11038 | D:10     | Noticed a freezing wraith
 11049 | D:10     | Killed a freezing wraith
 11303 | D:9      | Noticed Erolcha
 11350 | D:9      | Reached skill level 1 in Evocations
 11365 | D:9      | Noticed Prince Ribbit
 11369 | D:9      | Killed Prince Ribbit
 11591 | D:8      | Reached skill level 10 in Spellcasting
 11723 | D:8      | Noticed Joseph
 11735 | D:8      | Shot with a sling bullet by Joseph

Illustrated notes

Levels and vault maps discovered:
D:1:      evilmike_arrival_hilbert_curve, layout_loops_corners,
          shapermc_ecumenical_altar_notcrosses
D:2:      layout_basic, grunt_ministairs_3
D:3:      layout_basic, mainiacjoe_overflow_brackets, interstate_on_off,
          minmay_door_square, kennysheep_boxes
D:4:      layout_cave_pools, palyth_temple_overflow_mages,
          mainiacjoe_overflow_alcove_4, serial_shops,
          nicolae_shop_window_shopping
D:5:      layout_rooms, nicolae_tso_besieged_by_evil, temple_statues,
          nicolae_ossuary_entry_ruins, hangedman_decor_peaks_small,
          minmay_misc_feat_rugged, mrwooster_statue_mirror,
          grunt_decor_junction, ebering_dispersal_statue_hall
D:6:      layout_cave_pods, mainiacjoe_overflow_surrounded_room,
          mainiacjoe_overflow_catch_the_wave, serial_column_ruins,
          column_ruins_columns_T, column_ruins_columns_straight,
          column_ruins_grid_2, column_ruins_corridor_dead_end,
          column_ruins_open_medium_water, st_stairs_3
D:7:      layout_gridville, mainiacjoe_overflow_alcove_2
D:8:      layout_basic, overflow_temple_1_default,
          lightli_bailey_entry_fortress, minivault_10, minmay_misc_feat_five,
          uniq_erica, uniq_psyche, uniq_joseph
D:9:      layout_layer_cave, lemuel_doored_altar, lair_entry_dummy, david_orc_4,
          serial_bayou_lagoon_b, uniq_grum, uniq_erolcha, uniq_prince_ribbit1
D:10:     layout_stronghold, mainiacjoe_overflow_six_doors_small, uniq_maggie
Temple:   jpeg_temple_island

Skill      XL: |  1  2  3  4  5  6  7  8  9 10 |
---------------+-------------------------------+-----
Spellcasting   | 3 4 5 6 7 9 10 | 10.0
Fighting       | 1 2 4 |  4.9
Stealth        | 2 3 |  3.5
Polearms       | 1 2 |  2.7
Dodging        | 3 |  3.8
Evocations     | 1 |  1.3

Action                   |  1- 3 |  4- 6 |  7- 9 | 10-12 || total
-------------------------+-------+-------+-------+-------++-------
Melee: Unarmed           |       |     1 |       |       ||     1
       Glaive            |       |       |    27 |    40 ||    67
 Cast: Foxfire           |    87 |   118 |   105 |    35 ||   345
       Scorch            |       |    13 |    49 |     6 ||    68
       Flame Wave        |       |       |     9 |     6 ||    15
       Summon Ice Beast  |       |       |       |     1 ||     1
Evoke: Wand              |       |       |       |    11 ||    11
  Use: Scroll            |       |     3 |     4 |    10 ||    17
       Potion            |       |       |       |     6 ||     6
 Stab: Sleeping          |       |       |     1 |     4 ||     5
Armor: Robe              |     4 |     2 |    10 |     5 ||    21
       Skin              |       |       |       |    18 ||    18
Dodge: Dodged            |     6 |    18 |    52 |    55 ||   131

Table legend: (Time is in decaauts)
 A = Elapsed time spent in this place.
 B = Non-inter-level travel time spent in this place.
 C = Inter-level travel time spent in this place.
 D = Time resting spent in this place.
 E = Time spent auto-exploring this place.
 F = Levels seen in this place.
 G = Mean time per level.
                   A        B        C        D        E       F      G
               +--------+--------+--------+--------+--------+-----+--------+
         Total |  11781 |  11400 |    381 |   1373 |   8726 |  11 | 1071.0 |
       Dungeon |  11149 |  10809 |    340 |   1373 |   8146 |  10 | 1114.9 |
        Temple |    632 |    592 |     40 |      0 |    580 |   1 |  632.0 |
               +--------+--------+--------+--------+--------+-----+--------+

Top non-repeatable levels by time:
     D:6: 1875 daAuts
     D:5: 1804 daAuts
     D:1: 1764 daAuts
     D:7: 1522 daAuts
     D:4: 1380 daAuts
     D:3: 1092 daAuts
     D:2: 764 daAuts
  Temple: 632 daAuts
     D:8: 375 daAuts
    D:10: 310 daAuts
     D:9: 257 daAuts
